[Event "Titled Tuesday Blitz June 21 Late 2022"]
[White "Fishbein, Mitch"]
[Black "Bilych, Olexiy"]
[WhiteFideId "30922917"]
[BlackFideId "14156504"]
[WhiteElo "1939"]
[BlackElo "2189"]
[Result "0-1"]
[Round "01"]
[TimeControl "180+1"]
[Date "2022.06.22"]
[WhiteClock "0:00:06"]
[BlackClock "0:00:06"]

1. e4 c5 2. Nf3 d6 3. c3 Nf6 4. Be2 g6 5. O-O Bg7 6. Re1 O-O 7. Bf1 Nc6 8. d3 Bg4 9. Be3 Nd7 10. Nbd2 b5 11. h3 Bxf3 12. Nxf3 b4 13. d4 Rb8 14. Qd2 bxc3 15. bxc3 Qa5 16. Qd3 Rfc8 17. Rec1 cxd4 18. cxd4 Nb4 19. Qd2 Qa4 20. Bc4 Nb6 21. Bb3 Qa3 22. Ng5 d5 23. Rc5 Rxc5 24. dxc5 Bxa1 25. cxb6 axb6 26. exd5 Na6 27. d6 Qxd6 28. Bxf7+ Kg7 29. Qc1 Bf6 30. Ne4 Qe5 31. Nxf6 Qxf6 32. Bb3 Nc5 33. Bh6+ Kh8 34. Bc4 Rd8 35. Qc2 Qd4 36. Kh2 Qe5+ 37. g3 Ne4 38. Bf4 Qd4 39. Kg2 Nf6 40. Bc1 Rc8 41. Bb2 Qxc4 42. Bxf6+ exf6 43. Qd2 Qc6+ 44. Kh2 Kg7 45. Qd4 Rc7 46. h4 Rd7 47. Qe4 Qxe4 0-1


[Site "https://www.chess.com"]

[Event "Titled Tuesday Blitz June 21 Late 2022"]
[White "Flynn, Jacob"]
[Black "Diaz Rosas, Julio Cesar"]
[WhiteFideId "2509393"]
[BlackFideId "5105099"]
[WhiteElo "1896"]
[BlackElo "2278"]
[Result "0-1"]
[Round "01"]
[TimeControl "180+1"]
[Date "2022.06.22"]
[WhiteClock "0:01:49"]
[BlackClock "0:01:50"]

1. d4 d5 2. c4 e6 3. Nc3 a6 4. cxd5 exd5 5. Qb3 c6 6. Bf4 Nf6 7. e3 Bd6 8. Bxd6 Qxd6 9. Nf3 O-O 10. Bd3 Re8 11. O-O Nbd7 12. a4 Nf8 13. a5 Ng6 14. Na4 Ne4 15. Rac1 Bg4 16. Qxb7 Bxf3 17. Rxc6 Qd8 18. gxf3 Qg5+ 19. Kh1 Nh4 0-1


[Site "https://www.chess.com"]

[Event "Titled Tuesday Blitz June 21 Late 2022"]
[White "Garagulya, Konstantin"]
[Black "Garriga Cazorla, Pere"]
[WhiteFideId "4128931"]
[BlackFideId "32011601"]
[WhiteElo "2449"]
[BlackElo "2782"]
[Result "0-1"]
[Round "01"]
[TimeControl "180+1"]
[Date "2022.06.22"]
[WhiteClock "0:00:03"]
[BlackClock "0:00:13"]

1. d4 Nf6 2. Nf3 e6 3. Bg5 h6 4. Bh4 c5 5. Nbd2 cxd4 6. Nxd4 d5 7. e3 e5 8. N4f3 Nc6 9. c4 d4 10. exd4 exd4 11. Bd3 Be7 12. O-O O-O 13. a3 a5 14. Re1 Re8 15. Qc2 Be6 16. Rad1 Nd7 17. Bxe7 Rxe7 18. Ne4 Qc7 19. h3 Rae8 20. b3 Nde5 21. Nxe5 Nxe5 22. Bf1 Bf5 23. Rxd4 Nc6 24. Nf6+ gxf6 25. Qxf5 Nxd4 26. Qg4+ Kf8 27. Rxe7 Qxe7 28. Qxd4 Qe5 29. Qd2 Kg7 30. g3 f5 31. Kh2 b6 32. b4 axb4 33. axb4 Re6 34. Bg2 Rd6 35. Qc2 f4 36. c5 bxc5 37. bxc5 fxg3+ 38. fxg3 Rg6 39. Qf2 h5 40. h4 Rg4 41. Kh3 Rc4 42. c6 Rb4 43. Qf3 Rb2 44. Qe4 Qf6 45. Qd5 Qe6+ 46. Qxe6 fxe6 47. Bf3 Kh6 48. g4 hxg4+ 49. Kxg4 Kg6 50. Kf4 Kf6 51. h5 Rb4+ 52. Ke3 Kf5 53. Bg2 e5 54. Bf3 Rb3+ 55. Kf2 Kf4 56. Be2 e4 57. h6 e3+ 58. Kg2 Rb2 59. h7 Rxe2+ 60. Kf1 Rh2 61. c7 e2+ 62. Kg1 e1=Q+ 63. Kxh2 Qg3+ 64. Kh1 Kf3 0-1


[Site "https://www.chess.com"]

[Event "Titled Tuesday Blitz June 21 Late 2022"]
[White "Gimenez Aguirre, Alejo Ismael"]
[Black "Lobanov, Sergei"]
[WhiteFideId "32041667"]
[BlackFideId "24183750"]
[WhiteElo "2472"]
[BlackElo "2831"]
[Result "0-1"]
[Round "01"]
[TimeControl "180+1"]
[Date "2022.06.22"]
[WhiteClock "0:00:02"]
[BlackClock "0:00:30"]

1. e4 e5 2. Nf3 Nc6 3. Bb5 a6 4. Ba4 Bc5 5. O-O Nge7 6. Re1 Ba7 7. c3 O-O 8. h3 d6 9. d4 b5 10. Bb3 Ng6 11. a4 b4 12. Bd5 Bd7 13. Bxc6 Bxc6 14. d5 Bd7 15. cxb4 Rb8 16. Bd2 f5 17. Bc3 Nf4 18. Nbd2 Qe8 19. exf5 Bxf5 20. Nh4 Bxh3 21. gxh3 Nxh3+ 22. Kh2 Nxf2 23. Qe2 Rf4 24. Ng2 Ng4+ 25. Kg3 Bf2+ 26. Qxf2 Rxf2 27. Ne4 Rxg2+ 28. Kxg2 Qg6 29. Re2 Rf8 30. Rg1 h5 31. b5 axb5 32. a5 Qf5 33. Ng3 Qf3+ 34. Kh3 Nf2+ 35. Kh2 h4 0-1


[Site "https://www.chess.com"]

[Event "Titled Tuesday Blitz June 21 Late 2022"]
[White "Goltsev, Dmitry"]
[Black "Lopez Gracia, Fernando"]
[WhiteFideId "24176710"]
[BlackFideId "2207184"]
[WhiteElo "2819"]
[BlackElo "2460"]
[Result "0-1"]
[Round "01"]
[TimeControl "180+1"]
[Date "2022.06.22"]
[WhiteClock "0:00:10"]
[BlackClock "0:00:51"]

1. e4 e5 2. Nf3 Nc6 3. Bb5 a6 4. Ba4 Nf6 5. O-O Bc5 6. Nxe5 Nxe5 7. d4 b5 8. dxe5 Nxe4 9. Qd5 Bb7 10. Qxb7 c6 11. Bb3 Ra7 12. Qxa7 Bxa7 13. Nd2 Nc5 14. Nf3 O-O 15. Bg5 Qc7 16. Be7 Re8 17. Bd6 Qb6 18. Rad1 Nxb3 19. axb3 h6 20. Nd4 Bb8 21. Nf3 a5 22. Rfe1 Ba7 23. Re2 Qb7 24. Red2 c5 25. Rd5 Qc6 26. c4 b4 27. Nd2 a4 28. bxa4 Qxa4 29. Ne4 f6 30. Bxc5 Rxe5 31. f3 Bxc5+ 32. Nxc5 Rxd5 33. Rxd5 Qa1+ 34. Kf2 Qxb2+ 35. Kg3 Qc3 36. Kh3 Qxc4 37. Rf5 d5 38. Ne6 d4 39. Nf4 d3 40. Rd5 Qxf4 41. Rxd3 Qf5+ 0-1


[Site "https://www.chess.com"]

[Event "Titled Tuesday Blitz June 21 Late 2022"]
[White "Goltseva, Ekaterina"]
[Black "Jiganchine, Roman"]
[WhiteFideId "24173770"]
[BlackFideId "2603667"]
[WhiteElo "2086"]
[BlackElo "2213"]
[Result "1-0"]
[Round "01"]
[TimeControl "180+1"]
[Date "2022.06.22"]
[WhiteClock "0:00:10"]
[BlackClock "0:00:01"]

1. d4 d5 2. c4 e6 3. Nf3 Nf6 4. g3 c6 5. Bg2 Be7 6. O-O O-O 7. Nc3 Nbd7 8. b3 b6 9. Qd3 Ba6 10. e4 Rc8 11. e5 Ne8 12. a4 Nc7 13. Be3 Re8 14. Rfd1 Nf8 15. h4 h6 16. h5 c5 17. Nb5 dxc4 18. bxc4 Bb7 19. Nxa7 Ra8 20. Nb5 Na6 21. Qe2 Qc8 22. d5 Nb4 23. Nh2 exd5 24. cxd5 c4 25. Bxb6 c3 26. d6 c2 27. Rdc1 Bg5 28. f4 Bxg2 29. Qxg2 Bd8 30. Bxd8 Qc5+ 31. Kh1 Rexd8 32. Nc7 Rac8 33. Nf3 Ne6 34. Nxe6 fxe6 35. Qd2 Qc6 36. Kg2 Qc4 37. Nd4 Rc5 38. Nb5 Qe4+ 39. Kh2 Nd3 40. Rxc2 Rxc2 41. Qxc2 Qf3 42. Qg2 Qxh5+ 43. Kg1 Rc8 44. Nc7 Qg6 45. Rf1 Nc5 46. Qf3 Ne4 47. a5 Nxg3 48. Rf2 Ne4+ 49. Rg2 Qf5 50. a6 g5 51. a7 Kh7 52. a8=Q Rxa8 53. Nxa8 gxf4 54. Nc7 Ng5 55. Qe2 Qb1+ 56. Qf1 Qb6+ 57. Kh1 f3 58. Rxg5 hxg5 59. Nxe6 Qc6 60. Nxg5+ Kg6 61. Nxf3 Qe4 62. Qg2+ Kf7 63. Kh2 Ke6 64. Ng5+ Kd5 65. Nxe4 Kxe5 66. Ng3 Kxd6 67. Qe4 Kd7 68. Nf5 Kc7 69. Qe6 1-0


[Site "https://www.chess.com"]

[Event "Titled Tuesday Blitz June 21 Late 2022"]
[White "Golubev, Mikhail"]
[Black "Keymer, Vincent"]
[WhiteFideId "14100983"]
[BlackFideId "12940690"]
[WhiteElo "2374"]
[BlackElo "2548"]
[Result "0-1"]
[Round "01"]
[TimeControl "180+1"]
[Date "2022.06.21"]
[WhiteClock "0:00:01"]
[BlackClock "0:00:40"]

1. e4 c6 2. Nf3 d5 3. Nc3 dxe4 4. Nxe4 Nf6 5. Qe2 Nxe4 6. Qxe4 Nd7 7. Bc4 Nf6 8. Ne5 e6 9. Qe2 b5 10. Bb3 Qc7 11. d4 Bd6 12. a4 O-O 13. O-O b4 14. Bf4 a5 15. Rfe1 c5 16. dxc5 Qxc5 17. Rad1 Bc7 18. Qf3 Rb8 19. Nc6 Bxf4 20. Qxf4 Rb6 21. Ne5 Bb7 22. Nc4 Ra6 23. Nd6 Bd5 24. Nc4 h6 25. Ne3 Bxb3 26. cxb3 Rc8 27. h3 Qg5 0-1


[Site "https://www.chess.com"]

[Event "Titled Tuesday Blitz June 21 Late 2022"]
[White "Gubajdullin, Alexei"]
[Black "So, Wesley"]
[WhiteFideId "4141202"]
[BlackFideId "5202213"]
[WhiteElo "2280"]
[BlackElo "2742"]
[Result "0-1"]
[Round "01"]
[TimeControl "180+1"]
[Date "2022.06.21"]
[WhiteClock "0:00:07"]
[BlackClock "0:00:38"]

1. c4 e5 2. Nc3 Nf6 3. g3 Bb4 4. Bg2 O-O 5. Nf3 e4 6. Nd4 Nc6 7. Nc2 Bxc3 8. dxc3 h6 9. O-O d6 10. Ne3 Re8 11. Nd5 Bf5 12. b3 Ne5 13. h3 b6 14. Kh2 a5 15. f3 exf3 16. exf3 a4 17. Bd2 Nd3 18. Nf4 Nxf4 19. Bxf4 g5 20. Bd2 axb3 21. axb3 Rxa1 22. Qxa1 Re2 23. Qd1 Qe7 24. Re1 Rxe1 25. Qxe1 Qxe1 26. Bxe1 Bc2 27. b4 Nd7 28. Bf1 Ne5 29. Kg2 Bd3 30. Bxd3 Nxd3 31. Kf1 Ne5 32. c5 bxc5 33. bxc5 Nxf3 34. cxd6 cxd6 35. Bf2 Kg7 36. Ke2 Ne5 37. Ke3 Kf6 38. Ke4 Ke6 39. g4 d5+ 40. Kd4 Ng6 41. c4 dxc4 42. Kxc4 Ke5 43. Kc5 Kf4 44. Bd4 Kg3 45. Bg7 Kxh3 46. Bxh6 Kxg4 47. Kd4 Kf5 48. Ke3 f6 49. Kf3 Ne5+ 50. Kg3 Nd7 51. Bg7 Kg6 52. Bh8 Kh7 0-1


[Site "https://www.chess.com"]

[Event "Titled Tuesday Blitz June 21 Late 2022"]
[White "Huber, Benedikt"]
[Black "Volkov, Maksim"]
[WhiteFideId "12923583"]
[BlackFideId "54123070"]
[WhiteElo "1979"]
[BlackElo "2155"]
[Result "0-1"]
[Round "01"]
[TimeControl "180+1"]
[Date "2022.06.22"]
[WhiteClock "0:00:21"]
[BlackClock "0:00:57"]

1. d4 d5 2. Bf4 Nf6 3. e3 c5 4. c3 Nc6 5. Nd2 Bf5 6. Ngf3 e6 7. Qb3 Qb6 8. Qxb6 axb6 9. Bb5 Nd7 10. O-O Be7 11. Ne5 Ndxe5 12. Bxe5 O-O 13. Bc7 Bd8 14. Bd6 Be7 15. Bc7 Na7 16. a4 Nc8 17. f3 Bd6 18. Bxd6 Nxd6 19. Be2 c4 20. e4 Bg6 21. e5 Nf5 22. Kf2 Rfc8 23. Rfc1 Ne7 24. g4 Nc6 25. f4 Na5 26. Kg3 f6 27. Rf1 Bc2 28. f5 fxe5 29. dxe5 Nc6 30. Nf3 exf5 31. gxf5 Bxf5 32. Nd4 Nxd4 33. cxd4 Bc2 34. Bf3 Rd8 35. Ra3 Rxa4 36. Rfa1 b5 37. Rxa4 bxa4 38. Re1 Kf7 39. e6+ Ke7 40. Re5 Be4 41. Bxe4 dxe4 42. Rxe4 Rd5 43. Kf3 b5 44. Ke3 b4 45. Re5 Rxe5+ 46. dxe5 Kxe6 47. Kd4 a3 48. bxa3 bxa3 0-1


[Site "https://www.chess.com"]

[Event "Titled Tuesday Blitz June 21 Late 2022"]
[White "Ibarra Jerez, Jose Carlos"]
[Black "Richter, Nils"]
[WhiteFideId "2226332"]
[BlackFideId "12990809"]
[WhiteElo "2628"]
[BlackElo "2311"]
[Result "1-0"]
[Round "01"]
[TimeControl "180+1"]
[Date "2022.06.21"]
[WhiteClock "0:00:21"]
[BlackClock "0:00:02"]

1. e4 e5 2. Nf3 Nf6 3. Nxe5 Nxe4 4. Qe2 Qe7 5. Qxe4 d6 6. d4 dxe5 7. dxe5 Nc6 8. Nc3 Qb4 9. Bb5 Bd7 10. O-O Qxe4 11. Nxe4 Nxe5 12. Bxd7+ Nxd7 13. Re1 O-O-O 14. Ng5 Ne5 15. Bf4 h6 16. Rxe5 hxg5 17. Rxg5 g6 18. Rb5 Bg7 19. g3 Rhe8 20. Kf1 c6 21. Rb3 Rd5 22. Re1 Rxe1+ 23. Kxe1 g5 24. Be3 g4 25. Ke2 Rh5 26. Bxa7 Ra5 27. Ra3 Rh5 28. c3 Rxh2 29. Bb6 Be5 30. Ra8+ Kd7 31. Rg8 f5 32. a4 Bxg3 33. Rg7+ Ke6 34. Rxb7 Bxf2 35. Bxf2 g3 36. Kf3 gxf2 37. Ke2 Rh4 38. Rb4 Rh2 39. a5 Kd5 40. a6 Rh8 41. Kxf2 Ra8 42. Ra4 Kc5 43. Ke3 Kb5 44. Rb4+ Kc5 45. Ra4 Kb5 46. Rb4+ Kc5 47. Rf4 Rxa6 48. Kd3 Kb6 49. Rxf5 Ra8 50. Kc4 Rh8 51. Rf6 Rh4+ 52. Kb3 Kb5 53. Rf5+ c5 54. Rf8 Rg4 55. Rb8+ Kc6 56. Rf8 Kb5 57. Rf5 Rh4 58. Rg5 Rf4 59. Ka3 Kb6 60. b3 Rh4 61. Rg6+ Kb5 62. c4+ Ka5 63. Rc6 Rh5 64. Rc8 Rg5 65. Rb8 Rh5 66. Rb5+ Ka6 67. Ka4 Rg5 68. b4 Rg1 69. Rxc5 Ra1+ 70. Kb3 Rb1+ 71. Kc3 Rc1+ 72. Kb2 Rh1 73. Rc6+ Kb7 74. Rg6 Rh2+ 75. Kb3 Rh1 76. Ka4 Rh5 77. c5 Rh1 78. Kb5 Rh5 79. Rg7+ Kb8 80. Kb6 Rxc5 81. bxc5 Kc8 82. c6 Kb8 83. Rg8# 1-0


[Site "https://www.chess.com"]

[Event "Titled Tuesday Blitz June 21 Late 2022"]
[White "Isajevsky, Anton"]
[Black "Weisz, Bryan"]
[WhiteFideId "4142500"]
[BlackFideId "30934133"]
[WhiteElo "2510"]
[BlackElo "2235"]
[Result "1-0"]
[Round "01"]
[TimeControl "180+1"]
[Date "2022.06.22"]
[WhiteClock "0:00:05"]
[BlackClock "0:00:09"]

1. c4 Nf6 2. Nc3 e6 3. Nf3 c5 4. g3 d5 5. cxd5 exd5 6. d4 Nc6 7. Bg2 c4 8. O-O Bb4 9. Ne5 O-O 10. Bg5 Bxc3 11. bxc3 Be6 12. Qa4 Nxe5 13. dxe5 h6 14. exf6 hxg5 15. fxg7 Kxg7 16. Rfd1 Qe8 17. Qb4 Qc6 18. Qe7 Kg6 19. e4 Rfe8 20. exd5 Bxd5 21. Bxd5 Qxd5 22. Qc7 Qf3 23. Qxc4 Rac8 24. Rd6+ f6 25. Qd4 Rxc3 26. Rf1 Rc6 27. Rd7 Rce6 28. Qc4 Qe4 29. Qb3 R6e7 30. Rxe7 Rxe7 31. Rc1 Qe6 32. Qc2+ Qf5 33. Qc4 Kg7 34. Kg2 b5 35. Qc3 Qe4+ 36. Kg1 b4 37. Qc8 a5 38. Qb8 a4 39. Qd8 b3 40. axb3 axb3 41. Qb8 Qd3 42. Qb4 Rd7 43. Kg2 Qd5+ 44. Kg1 Qf3 45. Qb8 Rd1+ 46. Rxd1 Qxd1+ 47. Kg2 Qd5+ 48. Kg1 Qc4 49. Qb7+ Kg6 50. Qa8 b2 51. Qe8+ Kg7 52. Qe7+ Kg6 53. Qe8+ Kf5 54. Qd7+ Qe6 55. Qd3+ Qe4 56. Qb5+ Qe5 57. Qb3 Qe1+ 58. Kg2 b1=Q 59. Qd5+ Kg6 60. Qg8+ Kf5 61. Qd5+ Qe5 62. g4+ Kf4 63. Qf3# 1-0


[Site "https://www.chess.com"]

[Event "Titled Tuesday Blitz June 21 Late 2022"]
[White "Ivic, Velimir"]
[Black "Dobre, Claudiu-Cristian"]
[WhiteFideId "950122"]
[BlackFideId "1211854"]
[WhiteElo "2610"]
[BlackElo "2207"]
[Result "1-0"]
[Round "01"]
[TimeControl "180+1"]
[Date "2022.06.21"]
[WhiteClock "0:00:39"]
[BlackClock "0:00:01"]

1. Nf3 d5 2. g3 Nf6 3. Bg2 Bg4 4. O-O e6 5. d3 Nbd7 6. Nbd2 Bc5 7. e4 O-O 8. h3 Bxf3 9. Qxf3 c6 10. Kh2 Bb6 11. Qe2 e5 12. Nf3 dxe4 13. dxe4 Re8 14. Nh4 g6 15. Rd1 Qe7 16. a4 a5 17. Bg5 Nf8 18. Qf3 Kg7 19. Qb3 Qb4 20. Qf3 Qe7 21. c3 Ne6 22. Bd2 Nc5 23. Qe3 Kg8 24. Qe2 Ne6 25. Nf3 Nd7 26. h4 Bc7 27. Bh3 Ndc5 28. Qc4 Red8 29. Be3 Na6 30. Kg2 Kg7 31. h5 h6 32. hxg6 fxg6 33. Qxe6 Qxe6 34. Bxe6 Kf6 35. Bc4 g5 36. Nh2 Nb8 37. Ng4+ Kg6 38. Nxe5+ 1-0


[Site "https://www.chess.com"]

[Event "Titled Tuesday Blitz June 21 Late 2022"]
[White "Janaszak, Dawid"]
[Black "Martynenko, Ivan"]
[WhiteFideId "1119206"]
[BlackFideId "2053179"]
[WhiteElo "2199"]
[BlackElo "2167"]
[Result "1-0"]
[Round "01"]
[TimeControl "180+1"]
[Date "2022.06.22"]
[WhiteClock "0:01:55"]
[BlackClock "0:00:18"]

1. e4 c5 2. Nc3 a6 3. d4 cxd4 4. Qxd4 Nc6 5. Qd2 d6 6. b3 g6 7. Bb2 Bg7 8. O-O-O Nf6 9. Kb1 O-O 10. f3 Be6 11. Nge2 b5 12. Nf4 Ne5 13. h4 Rc8 14. h5 Qc7 15. hxg6 hxg6 16. g4 Nxf3 17. Qf2 Bxg4 18. Ncd5 Nxe4 19. Qg2 Qd7 20. Qxg4 Nfd2+ 21. Kc1 Bxb2+ 22. Kxb2 f5 23. Qxg6# 1-0


[Site "https://www.chess.com"]

[Event "Titled Tuesday Blitz June 21 Late 2022"]
[White "Jaracz, Pawel"]
[Black "Vidonyak, Roman"]
[WhiteFideId "1102222"]
[BlackFideId "14100622"]
[WhiteElo "2459"]
[BlackElo "2361"]
[Result "1-0"]
[Round "01"]
[TimeControl "180+1"]
[Date "2022.06.22"]
[WhiteClock "0:00:12"]
[BlackClock "0:00:07"]

1. d4 Nf6 2. c4 g6 3. Nc3 d5 4. e3 Bg7 5. b4 O-O 6. a4 a5 7. b5 c5 8. bxc6 Nxc6 9. Nf3 Bg4 10. Be2 dxc4 11. O-O Rc8 12. Ba3 Nb4 13. Rc1 Qd7 14. Nb5 c3 15. Nxc3 Nfd5 16. Nxd5 Nxd5 17. Qb3 Rfd8 18. h3 Be6 19. Bb5 Rxc1 20. Rxc1 Nf6 21. Bxd7 Bxb3 22. Bxe7 Rb8 23. Bb5 Nd5 24. Ba3 Rd8 25. Ne5 Nb6 26. Be7 Rb8 27. Bd6 Ra8 28. Rc7 Nxa4 29. Rxb7 Nc3 30. Bc4 Bxc4 31. Nxc4 a4 32. Nb6 Rd8 33. Be7 Re8 34. Bb4 f5 35. Bxc3 a3 36. Ra7 Rb8 37. Nd5 Rb1+ 38. Kh2 Rb3 39. Ra8+ Bf8 40. Bb4 Kf7 41. Rxf8+ Ke6 42. Ra8 Kxd5 43. Rxa3 Rxb4 44. Ra7 h5 45. Rg7 Rb2 46. Kg3 Ke6 47. Kf3 Kf6 48. Rc7 Rb6 49. Rc5 Re6 50. h4 Rd6 51. g3 Re6 52. Ra5 Rd6 53. Kf4 Re6 54. d5 Rd6 55. f3 Kf7 56. e4 Kf6 57. e5+ Ke7 58. exd6+ Kxd6 59. Ra6+ Kc5 60. Rxg6 Kxd5 61. Rg5 Ke6 62. Rxf5 Ke7 63. Rxh5 Ke6 64. Rg5 Ke7 65. h5 1-0


[Site "https://www.chess.com"]

[Event "Titled Tuesday Blitz June 21 Late 2022"]
[White "Jian, Alex"]
[Black "Livaic, Leon"]
[WhiteFideId "30901022"]
[BlackFideId "14531534"]
[WhiteElo "2111"]
[BlackElo "2540"]
[Result "0-1"]
[Round "01"]
[TimeControl "180+1"]
[Date "2022.06.21"]
[WhiteClock "0:00:04"]
[BlackClock "0:00:44"]

1. g3 e5 2. Bg2 Nc6 3. b3 h5 4. h3 h4 5. g4 d5 6. Bb2 f5 7. gxf5 Bxf5 8. d3 Nf6 9. Nd2 Bc5 10. e3 Qd7 11. Ne2 g5 12. e4 dxe4 13. dxe4 Be6 14. Nf3 Qxd1+ 15. Rxd1 Nxe4 16. Nxe5 Bxf2+ 17. Kf1 O-O 18. Bxe4 Bd4+ 19. Kg2 Bxb2 20. Nxc6 bxc6 21. Bxc6 Rad8 22. c4 Be5 23. Bd5 Bxd5+ 24. cxd5 Kg7 25. Nd4 Bxd4 26. Rxd4 Rf5 27. Rc1 Rd7 28. Rc2 Kg6 29. Rc6+ Rf6 30. Rxf6+ Kxf6 31. Kf3 Rd6 32. Rc4 Rxd5 33. Rxc7 Rd3+ 34. Kg4 Rg3+ 35. Kh5 Rxh3 36. Rc6+ Kf5 37. Rc5+ Kf4 38. Rxg5 Rg3 39. Ra5 h3 40. Ra4+ Kf3 41. Rh4 Kg2 42. b4 h2 43. a4 Rh3 44. Rxh3 Kxh3 45. b5 h1=Q 46. a5 Qd5+ 47. Kh6 Qxb5 48. a6 Qxa6+ 49. Kg5 Qb5+ 0-1


[Site "https://www.chess.com"]

[Event "Titled Tuesday Blitz June 21 Late 2022"]
[White "Jobava, Baadur"]
[Black "Altman, Joshua"]
[WhiteFideId "13601520"]
[BlackFideId "426210"]
[WhiteElo "2617"]
[BlackElo "1945"]
[Result "1-0"]
[Round "01"]
[TimeControl "180+1"]
[Date "2022.06.21"]
[WhiteClock "0:01:13"]
[BlackClock "0:00:23"]

1. e4 e6 2. d4 d5 3. exd5 exd5 4. Nf3 Nf6 5. Bd3 Bd6 6. O-O O-O 7. h3 h6 8. Re1 c6 9. Nc3 Be6 10. Ne2 Nbd7 11. Bf4 Qc7 12. Bxd6 Qxd6 13. Qd2 Rfe8 14. Nf4 Nf8 15. Ne5 Rad8 16. Re3 c5 17. c3 c4 18. Bc2 N6d7 19. Rae1 Nxe5 20. Rxe5 f6 21. Nxe6 Rxe6 22. Rxe6 Nxe6 23. Qe3 Re8 24. Bg6 Re7 25. b3 cxb3 26. axb3 Kf8 27. Bf5 Nf4 28. Qd2 Rxe1+ 29. Qxe1 Qe7 30. Qa1 g6 31. Bg4 h5 32. Bf3 Nd3 33. Bxd5 Qe2 34. Qf1 Qd2 35. Be4 Nf4 36. Bxb7 Qxc3 37. d5 Qd2 38. g3 Nxd5 39. Qc4 Nc3 40. Qc5+ Kg7 41. Qxa7 Qe1+ 42. Kg2 Ne2 43. Bf3+ Kh6 44. Qe3+ 1-0


[Site "https://www.chess.com"]

[Event "Titled Tuesday Blitz June 21 Late 2022"]
[White "Kadric, Denis"]
[Black "Avazkhonov, Alikhon"]
[WhiteFideId "14403803"]
[BlackFideId "14208504"]
[WhiteElo "2779"]
[BlackElo "2447"]
[Result "1-0"]
[Round "01"]
[TimeControl "180+1"]
[Date "2022.06.22"]
[WhiteClock "0:00:20"]
[BlackClock "0:00:09"]

1. e4 c5 2. Nc3 d6 3. f4 Nf6 4. Nf3 a6 5. a4 e6 6. Bc4 Nc6 7. Ba2 Be7 8. O-O O-O 9. d3 d5 10. e5 Nd7 11. Ne2 Rb8 12. c3 b5 13. d4 b4 14. f5 Nb6 15. f6 gxf6 16. exf6 Bxf6 17. Bb1 Ne7 18. dxc5 Nc4 19. Nfd4 Bg7 20. Qd3 Ng6 21. Nc6 Qc7 22. Nxb8 Qxb8 23. b3 bxc3 24. Bc2 Nb2 25. Qf3 Qb4 26. Qf2 d4 27. Bxb2 cxb2 28. Rab1 Qd2 29. Ng3 Qxf2+ 30. Rxf2 f5 31. Nh5 Be5 32. Bd3 Bb7 33. Rbxb2 a5 34. Bc4 Bd5 35. Bxd5 exd5 36. Rbd2 Rc8 37. Rxf5 Rxc5 38. g3 Rc3 39. Nf6+ Bxf6 40. Rxf6 Rxb3 41. Rxd4 Rb4 42. Rxb4 axb4 43. a5 Ne5 44. a6 Nd7 45. a7 1-0


[Site "https://www.chess.com"]

[Event "Titled Tuesday Blitz June 21 Late 2022"]
[White "Kanyamarala, Tarun"]
[Black "Oparin, Grigoriy"]
[WhiteFideId "45004714"]
[BlackFideId "24125890"]
[WhiteElo "2219"]
[BlackElo "2639"]
[Result "0-1"]
[Round "01"]
[TimeControl "180+1"]
[Date "2022.06.21"]
[WhiteClock "0:00:02"]
[BlackClock "0:00:29"]

1. f4 d5 2. Nf3 c5 3. g3 g6 4. Bg2 Bg7 5. O-O Nc6 6. d3 Nf6 7. Qe1 d4 8. Na3 O-O 9. Nc4 Be6 10. Nce5 Nxe5 11. Nxe5 Bd5 12. e4 dxe3 13. Bxe3 Rc8 14. Qf2 b6 15. Rad1 Qc7 16. c4 Bxg2 17. Qxg2 e6 18. d4 cxd4 19. Bxd4 Rfd8 20. Bc3 Nd7 21. Qe2 Nxe5 22. Rxd8+ Rxd8 23. Bxe5 Bxe5 24. fxe5 Rd4 25. b3 Qd7 26. Rf2 h5 27. Qe3 h4 28. Kg2 hxg3 29. hxg3 Rd1 30. Qf3 Re1 31. Qa8+ Kg7 32. Qf3 a5 33. Re2 Ra1 34. Qf6+ Kg8 35. Qf3 Rd1 36. Rf2 Rd3 37. Qa8+ Kg7 38. Qe4 Rd1 39. Qf3 Re1 40. Qf6+ Kg8 41. Qf4 Qb7+ 42. Rf3 Re2+ 43. Kh3 Rxa2 44. Kg4 Qd7 45. Qe4 Rd2 46. Qa8+ Kg7 47. Qe4 Rd4 0-1


[Site "https://www.chess.com"]

[Event "Titled Tuesday Blitz June 21 Late 2022"]
[White "Khismatullin, Denis"]
[Black "Perez Leiva, Jerzy Jesus"]
[WhiteFideId "4142578"]
[BlackFideId "3524337"]
[WhiteElo "2543"]
[BlackElo "2287"]
[Result "1-0"]
[Round "01"]
[TimeControl "180+1"]
[Date "2022.06.21"]
[WhiteClock "0:01:33"]
[BlackClock "0:00:17"]

1. Nf3 Nf6 2. d4 e6 3. c4 d5 4. Nc3 Bb4 5. cxd5 exd5 6. Bg5 h6 7. Bh4 O-O 8. Rc1 c6 9. e3 Bf5 10. Qb3 a5 11. a3 Bxc3+ 12. Rxc3 Ra7 13. Be2 Nbd7 14. Nd2 Re8 15. O-O a4 16. Qd1 Qa5 17. f3 Bg6 18. Re1 Re6 19. Bf1 Ra8 20. Bf2 Rae8 21. g4 Bh7 22. h4 b5 23. g5 Nh5 24. Bh3 R6e7 25. Rxc6 Nb8 26. Rc5 hxg5 27. Rxd5 Nf6 28. Rxg5 Qb6 29. e4 b4 30. d5 Qa6 31. axb4 Rb7 32. Bf1 Qd6 33. Nc4 Qxb4 34. e5 Nfd7 35. Bd4 1-0


[Site "https://www.chess.com"]

[Event "Titled Tuesday Blitz June 21 Late 2022"]
[White "Koc, Przemyslaw"]
[Black "Suleymanli, Aydin"]
[WhiteFideId "1109081"]
[BlackFideId "13413937"]
[WhiteElo "2134"]
[BlackElo "2481"]
[Result "0-1"]
[Round "01"]
[TimeControl "180+1"]
[Date "2022.06.21"]
[WhiteClock "0:00:57"]
[BlackClock "0:01:30"]

1. d4 e6 2. Nf3 d5 3. Bg5 Be7 4. Bxe7 Nxe7 5. Nbd2 O-O 6. c3 b6 7. Ne5 f6 8. Nd3 Bb7 9. g3 c5 10. Bg2 cxd4 11. cxd4 Nbc6 12. e3 Ba6 13. Nf3 e5 14. dxe5 fxe5 15. Nfxe5 Nxe5 16. Nxe5 Rc8 17. Bf1 Bxf1 18. Kxf1 Qd6 19. Nd3 Nf5 20. Kg2 Qe6 21. Rf1 d4 22. exd4 Qe4+ 23. Kg1 Nxd4 24. Ne1 Ne2+ 0-1


[Site "https://www.chess.com"]

[Event "Titled Tuesday Blitz June 21 Late 2022"]
[White "Koellner, Ruben Gideon"]
[Black "Akrakan"]
[WhiteFideId "12993093"]
[WhiteElo "2559"]
[BlackElo "2146"]
[Result "1-0"]
[Round "01"]
[TimeControl "180+1"]
[Date "2022.06.22"]
[WhiteClock "0:01:24"]
[BlackClock "0:02:31"]

1. d4 d5 2. Nf3 Nf6 3. Bf4 e6 4. e3 Bd6 5. Ne5 c5 6. c3 Nc6 7. Nd2 cxd4 8. exd4 O-O 9. Bd3 Qc7 10. Qe2 Bxe5 11. dxe5 Nd7 12. Nf3 Nc5 13. Bxh7+ Kxh7 14. Ng5+ 1-0


[Site "https://www.chess.com"]

[Event "Titled Tuesday Blitz June 21 Late 2022"]
[White "Konaplev, Anton"]
[Black "Mahdavi, Reza"]
[WhiteFideId "24165646"]
[BlackFideId "12595926"]
[WhiteElo "2208"]
[BlackElo "2265"]
[Result "1/2-1/2"]
[Round "01"]
[TimeControl "180+1"]
[Date "2022.06.22"]
[WhiteClock "0:00:11"]
[BlackClock "0:00:05"]

1. e4 c5 2. Nf3 e6 3. d4 cxd4 4. Nxd4 Nc6 5. Nxc6 bxc6 6. Bd3 d5 7. Nd2 Nf6 8. Qe2 Be7 9. e5 Nd7 10. O-O O-O 11. Nf3 a5 12. c3 Nc5 13. Rd1 Nxd3 14. Qxd3 Ba6 15. Qc2 c5 16. Bf4 Qc7 17. h4 Rfb8 18. h5 h6 19. Rab1 Rb7 20. b3 Rab8 21. Qd2 Bf8 22. Qc2 a4 23. bxa4 Qa5 24. Rxb7 Rxb7 25. g4 Bc4 26. g5 Qb6 27. gxh6 gxh6 28. Nd2 Be2 29. Rb1 Qc7 30. Kh2 Rxb1 31. Qxb1 Bxh5 32. Bg3 Bg6 33. Qb5 d4 34. cxd4 cxd4 35. a5 Qc2 36. Bf4 Qf5 37. Bg3 Qh5+ 38. Kg2 Qd1 39. Qb2 Qa4 40. Nb3 d3 41. Qd2 Bb4 42. Qf4 Qc6+ 43. f3 Bc3 44. Qxh6 Qd5 45. Nd2 Qxa2 46. Bf4 Qxa5 47. Qg5 Qd5 48. Qf6 Qd4 49. Nc4 Kh7 50. Qh4+ Kg8 51. Qf6 Kh7 52. Qh4+ Kg8 53. Qf6 1/2-1/2


[Site "https://www.chess.com"]

[Event "Titled Tuesday Blitz June 21 Late 2022"]
[White "Korchmar, Vasiliy"]
[Black "Rios Escobar, Adan"]
[WhiteFideId "24131750"]
[BlackFideId "3403645"]
[WhiteElo "2370"]
[BlackElo "2430"]
[Result "0-1"]
[Round "01"]
[TimeControl "180+1"]
[Date "2022.06.22"]
[WhiteClock "0:02:14"]
[BlackClock "0:01:03"]

1. e4 c5 2. Nf3 d6 3. d4 cxd4 4. Nxd4 Nf6 5. Nc3 a6 6. f3 e5 7. Nb3 Be7 8. Be3 Be6 9. Qd2 h5 10. Nd5 Nxd5 11. exd5 Bf5 12. Bd3 Bxd3 13. Qxd3 Bg5 14. Bf2 Nd7 15. O-O O-O 16. c4 b6 17. Nd2 f5 18. b4 a5 19. a3 Qc7 20. Kh1 axb4 21. axb4 Bxd2 22. Qxd2 Qxc4 23. Rac1 Qb5 24. Rc6 Qxf1+ 25. Bg1 Ra1 26. Qe3 f4 0-1


[Site "https://www.chess.com"]